 Dungeon Crawl Stone Soup version 0.17-a0-2211-gbb7320e (webtiles) character file.

1679 Hedron the Grappler (level 9, -3/56 HPs)
             Began as an Octopode Fighter on Oct 27, 2015.
             Was a Follower of Cheibriados.
             Slain by katie03's ghost (12 damage)
             ... on level 6 of the Dungeon.
             The game lasted 00:20:58 (7162 turns).

Hedron the Grappler (Octopode Fighter)              Turns: 7162, Time: 00:20:58

Health: -3/56      AC:  1    Str: 19    XL:     9   Next: 2%
Magic:  9/9        EV: 11    Int: 13    God:    Cheibriados [*.....]
Gold:   272        SH:  9    Dex: 17    Spells: 0 memorised, 8 levels left

rFire  . . .     SeeInvis .       - Unarmed
rCold  . . .     Clarity  .     a - +0 shield
rNeg   . . .     SustAt   .     (helmet restricted)
rPois  .         Gourm    .     l - amulet of resist corrosion
rElec  .         Spirit   .     j - ring of invisibility
rCorr  +         Warding  .     k - ring of wizardry
rMut   .         Stasis   .     m - ring of wizardry
MR     .....                    b - ring of wizardry
Stlth  +++.......               (no ring)
                                (no ring)
                                (no ring)
                                (no ring)

@: very slow, not resistant to hostile enchantments, fairly stealthy
A: almost no armour, amphibious, 8 rings, constrict 8, camouflage 1, gelatinous
body 1
a: Bend Time, Renounce Religion, Evoke Invisibility


You were on level 6 of the Dungeon.
You worshipped Cheibriados.
Cheibriados was aware of your devotion.
You were not hungry.

You visited 1 branch of the dungeon, and saw 6 of its levels.

You collected 272 gold pieces.

Inventory:

Armour
 a - a +0 shield (worn)
Jewellery
 b - a ring of wizardry (on tentacle)
 j - a ring of invisibility (left tentacle)
 k - a ring of wizardry (right tentacle)
 l - an amulet of resist corrosion (around mantle)
 m - a ring of wizardry (on tentacle)
Wands
 d - a wand of fire (5)
 u - a wand of confusion (22)
Scrolls
 g - 5 scrolls of teleportation
 n - a scroll of enchant weapon
 o - 2 scrolls of amnesia
 r - a scroll of remove curse
 s - a scroll of fear
 t - 3 scrolls of identify
Potions
 e - a potion of mutation
 i - 3 potions of haste
 v - a potion of might
Comestibles
 c - 9 bread rations
 h - 3 meat rations


   Skills:
 - Level 3.0 Fighting
 - Level 3.0 Dodging
 - Level 3.0 Shields
 + Level 11.2 Unarmed Combat


You had 8 spell levels left.
You didn't know any spells.

Dungeon Overview and Level Annotations

Branches:
Dungeon (6/15)             Temple (0/1) D:4

Altars:
Ashenzari
Cheibriados
Dithmenos
Kikubaaqudgha
Qazlal
Ru
Sif Muna
Trog
Yredelemnul
Zin

Annotations:
D:6 katie03's ghost, amateur HaFi


Innate Abilities, Weirdness & Mutations

You cannot wear most types of armour.
You are amphibious.
You can wear up to eight rings at the same time.
You can use your tentacles to constrict eight enemies at once.
Your skin changes colour to match your surroundings (Stealth).
Your rubbery body absorbs attacks (AC +1).


Message History

You start resting.
HP restored.
You climb downwards.
Level annotation: katie03's ghost, amateur HaFi Katie03's ghost closely misses you.
The wyvern skeleton bites you! Katie03's ghost closely misses you.
There is a stone staircase leading up, spattered with blood here.
You tentacle-slap the wyvern skeleton. The wyvern skeleton bites you!
You block katie03's ghost's attack. You block the wyvern skeleton's attack.
You bludgeon the wyvern skeleton! You squeeze the wyvern skeleton!
The wyvern skeleton bites you! Katie03's ghost hits you!
* * * LOW HITPOINT WARNING * * *
Drink which item? (? for menu, Esc to quit)
Okay, then.
Read which item? (? for menu, Esc to quit)
As you read the scroll of fear, it crumbles to dust.
You assume a fearsome visage.
The wyvern skeleton is unaffected.
Katie03's ghost is unaffected.
The wyvern skeleton closely misses you. Katie03's ghost hits you!
You die...

..#.#.. ..(.... #..
....... .. .?..... .
#.# .......
#(###.####......a
.###.#..............
...........W.#
..[.........@.##..)
...........Z........
...##............$..
.............######
..###.........#
....(.......###
.###..###.#..... #.
........ ..
..#..##...


You could see katie03's ghost and a wyvern skeleton.

Vanquished Creatures
  The ghost of Rationalist the Ducker, a novice DsBe of Trog (D:4)
  Grinder (D:5)
  Edmund (D:5)
  Duvessa (D:5)
  An ice beast (D:5)
  2 ogres
  A giant frog (D:5)
  Dowan (D:5)
  3 orc priests
  A hound (D:5)
  2 orc wizards (D:5)
  3 giant frog skeletons (D:5)
  3 worker ants
  A hound skeleton (D:4)
  7 gnolls
  7 adders
  A shadow imp (D:5)
  5 worms
  An adder skeleton (D:5)
  3 giant geckos
  14 orcs
  8 bats
  2 giant cockroaches
  10 hobgoblins
  4 quokkas
  A ball python (D:3)
  16 giant newts
  6 goblins
  6 jackals
  2 jackal zombies
  7 kobolds
  A quokka zombie (D:5)
  5 rats
128 creatures vanquished.

Notes
Turn   | Place    | Note
--------------------------------------------------------------
     0 | D:1      | Hedron the Octopode Fighter began the quest for the Orb.
     0 | D:1      | Reached XP level 1. HP: 16/16 MP: 1/1
   261 | D:1      | Reached XP level 2. HP: 21/21 MP: 2/2
   572 | D:2      | Found a stormy altar of Qazlal.
   572 | D:2      | Found an ancient bone altar of Kikubaaqudgha.
   572 | D:2      | Found a deep blue altar of Sif Muna.
   572 | D:2      | Found a bloodstained altar of Trog.
   572 | D:2      | Found a shattered altar of Ashenzari.
   573 | D:2      | Found a shadowy altar of Dithmenos.
   771 | D:2      | Reached XP level 3. HP: 22/26 MP: 3/3
  1168 | D:2      | Reached skill level 4 in Unarmed Combat
  1172 | D:2      | Reached XP level 4. HP: 31/31 MP: 4/4
  1331 | D:2      | Found a faded altar to an unknown god.
  1828 | D:3      | Found Zin's Purification Station.
  1828 | D:3      | Found a glowing silver altar of Zin.
  1861 | D:3      | Reached skill level 5 in Unarmed Combat
  1861 | D:3      | Reached XP level 5. HP: 5/36 MP: 5/5
  1861 | D:3      | HP: 1/36 [orc/flail (4)]
  2805 | D:3      | Found a snail-covered altar of Cheibriados.
  2821 | D:3      | Became a worshipper of Cheibriados the Contemplative
  3069 | D:4      | Noticed an ogre
  3074 | D:4      | Killed an ogre
  3074 | D:4      | Reached skill level 6 in Unarmed Combat
  3074 | D:4      | Reached XP level 6. HP: 12/42 MP: 6/6
  3078 | D:4      | Noticed Rationalist's ghost (novice DsBe)
  4469 | D:4      | Found a staircase to the Ecumenical Temple.
  4923 | D:5      | Entered Level 5 of the Dungeon
  4923 | D:5      | Noticed Duvessa
  4923 | D:5      | Noticed Dowan
  4960 | D:4      | Killed Rationalist's ghost
  4960 | D:4      | Reached skill level 8 in Unarmed Combat
  4960 | D:4      | Reached XP level 7. HP: 13/46 MP: 2/7
  5205 | D:5      | Found a basalt altar of Yredelemnul.
  5454 | D:5      | Reached skill level 9 in Unarmed Combat
  5454 | D:5      | Reached XP level 8. HP: 35/52 MP: 8/8
  5686 | D:5      | Reached * piety under Cheibriados
  5769 | D:5      | Noticed Edmund
  5781 | D:5      | Killed Edmund
  6026 | D:5      | Found a sacrificial altar of Ru.
  6039 | D:5      | Reached skill level 10 in Unarmed Combat
  6377 | D:5      | Noticed Grinder
  6387 | D:5      | Killed Grinder
  6617 | D:5      | Killed Dowan
  6623 | D:5      | Killed Duvessa
  6623 | D:5      | Reached skill level 11 in Unarmed Combat
  6874 | D:6      | Noticed katie03's ghost (amateur HaFi)
  6890 | D:5      | Reached XP level 9. HP: 35/56 MP: 9/9
  7162 | D:6      | Slain by katie03's ghost

Vault maps used:
D:1:      lightli_arrival_flooded_house
D:2:      grunt_temple_overflow_open, ecumenical_altar_2, minmay_newt_pond
D:3:      cheibriados_altar_1, zin_purify, serial_glass, glass_columns_b,
          glass_columns_b
D:4:      minmay_temple_entry_grid, first_bread
D:5:      yredelemnul_altar_generic, lemuel_crystal_altar, uniq_grinder,
          uniq_duvessa, uniq_edmund

Action                   |  1- 3 |  4- 6 |  7- 9 || total
-------------------------+-------+-------+-------++-------
Melee: Unarmed           |    48 |   171 |    99 ||   318
Invok: Bend Time         |       |    11 |       ||    11
  Use: Scroll            |     6 |     5 |     3 ||    14
       Potion            |       |     2 |     3 ||     5
 Stab: Sleeping          |     5 |     4 |     6 ||    15
  Eat: Chunk             |       |    12 |       ||    12
       Pizza             |       |     1 |       ||     1
       Meat ration       |       |       |     1 ||     1
